 Dungeon Crawl Stone Soup version 0.31-a0-875-g02e7d12df6 (webtiles) character file.

Game seed: 7088602319786851709

29 Azuregosa the Sneak (level 3, -5/26 HPs)
             Began as an Octopode Delver on Oct 12, 2023.
             Slain by a gnoll
             ... wielding a +0 flail
             ... led by a gnoll bouda
              (11 damage)
             ... on level 6 of the Dungeon.
             The game lasted 00:02:09 (274 turns).

Azuregosa the Sneak (Octopode Delver)                Turns: 274, Time: 00:02:09

Health: -5/26      AC:  1    Str: 13    XL:     3   Next: 16%
Magic:  3/3        EV: 13    Int: 12    God:
Gold:   21         SH:  0    Dex: 13    Spells: 2/2 levels left

rFire   . . .        a - +0 spear
rCold   . . .        (no shield)
rNeg    . . .        (helmet restricted)
rPois   .            (no amulet)
rElec   .            (no ring)
rCorr   .            (no ring)
SInv    .            (no ring)
Will    .....        (no ring)
Stlth   +++++        (no ring)
HPRegen 0.24/turn    (no ring)
MPRegen 0.08/turn    (no ring)
                     (no ring)

%: no passive effects
@: no status effects
A: almost no armour, amphibious, 8 rings, camouflage 1, gelatinous body 1,
(nimble swimmer 1), tentacles
a: no special abilities


You were on level 6 of the Dungeon.
You visited 1 branch of the dungeon, and saw 3 of its levels.

You collected 21 gold pieces.

Inventory:

Hand Weapons
 a - a +0 spear (weapon)
Wands
 d - a wand of roots (5)
 f - a wand of digging (3)
Scrolls
 b - a scroll of identify {unknown}
 c - a scroll of revelation
Potions
 e - 2 potions of haste


   Skills:
 - Level 3.0 Fighting
 - Level 2.0 Polearms
 - Level 2.0 Dodging
 + Level 7.9 Stealth


You had 2 spell levels left.
You didn't know any spells.
Your spell library was empty.

Dungeon Overview and Level Annotations

Branches:
Dungeon (7/15)
 Temple: D:4-7

Altars:


Innate Abilities, Weirdness & Mutations

You cannot wear most types of armour.
You are amphibious.
You can wear up to eight rings at the same time.
Your skin changes colour to match your surroundings (Stealth+).
Your rubbery body absorbs attacks. (AC +1, EV +1)
((You are camouflaged when in or above water. (Stealth+)))
You have tentacles for arms and can constrict up to eight enemies at once.


Message History

Found a scroll labelled FAGECETHRER.
b - a scroll labelled FAGECETHRER
There are no items here.
Found a leather armour.
Found 7 stones.
A gnoll comes into view.
It is wielding a +1 war axe of flaming. 2 gnolls come into view.
The gnoll moves out of view.
Found a gold wand.
As you read the scroll of revelation, it crumbles to dust.
You feel aware of your surroundings.
Found a stone staircase leading up.
d - a wand of roots (5)
A gnoll bouda comes into view. It is wielding a +0 spear.
A gnoll comes into view. It is wielding a +0 flail.
The gnoll shouts! x3; The gnoll bouda shouts!
The gnoll bouda barely misses you.
A gnoll comes into view. It is wielding a +0 long sword.
The gnoll bouda gazes fiercely through you!
You feel your attacks grow feeble.
The gnoll bouda attacks as it pursues you!
The gnoll bouda hits you from afar with a +0 spear!
The gnoll misses you.
The gnoll bouda barks out a call to the hunt!
The gnolls pick up the pace!
The gnoll attacks as it pursues you! The gnoll completely misses you.
The gnoll barely misses you. The gnoll misses you.
You hear a loud, deep croak!
The gnoll attacks as it pursues you! The gnoll misses you.
The gnoll attacks as it pursues you! The gnoll hits you with a +0 flail!
The gnoll attacks as it pursues you! The gnoll barely misses you.
Your attacks no longer feel as feeble.
The gnoll attacks as it pursues you! The gnoll misses you.
The gnoll hits you with a +0 flail.
* * * LOW HITPOINT WARNING * * *
The gnoll closely misses you.
The gnoll bouda attacks as it pursues you!
The gnoll bouda completely misses you. The gnoll attacks as it pursues you!
The gnoll hits you with a +0 flail!
You die...

#.......# ##.#####.#
#........# #######..#
#.###..#
###..g#..######
######.#g...######
#....#.#.#g#######
**#.[..#g#.#.g.g@.##
,,+...gg.########.##
**#....#####.####.##
###.g........####.##
..#.....####.####.####
....................>#
#g#####.####.######..#
#.* ##.#<...######.##
#.* ##.###########.#


You could see a gnoll bouda and 2 gnolls.

Vanquished Creatures
  A hound (D:6)
1 creature vanquished.

Notes
Turn   | Place    | Note
-------+----------+-------------------------------------------
     0 | D:5      | Azuregosa the Octopode Delver began the quest for the Orb.
     0 | D:5      | Reached XP level 1. HP: 16/16 MP: 1/1
    49 | D:5      | Noticed an ogre
    84 | D:5      | Noticed an ogre
   101 | D:6      | Noticed a yak
   120 | D:6      | Noticed a gnoll bouda
   126 | D:6      | Noticed a yak
   149 | D:6      | Noticed a hound
   154 | D:6      | Killed a hound
   155 | D:6      | Reached skill level 7 in Stealth
   155 | D:6      | Reached XP level 2. HP: 15/21 MP: 2/2
   155 | D:6      | Reached XP level 3. HP: 19/26 MP: 3/3
   274 | D:6      | Slain by a gnoll

Illustrated notes

Levels and vault maps discovered:
D:5:      layout_gridville, trog_three_pillars_becter, uniq_grinder
D:6:      layout_basic
D:7:      layout_loops_ring, mainiacjoe_overflow_alcove_1,
          minmay_misc_feat_more_columns, grunt_decor_one_mirror

Skill      XL: |  1 |
---------------+----+-----
Stealth        | 7 |  7.9
Fighting       | |  3.0
Polearms       | |  2.0
Dodging        | |  2.0

Action                     || total
---------------------------++-------
  Melee: Spear             ||     4
         Constrict         ||     1
         Tentacles         ||     1
    Use: Scroll            ||     3
   Stab: Sleeping          ||     1
 Armour: Skin              ||     5
  Dodge: Dodged            ||    14

Table legend: (Time is in decaauts)
 A = Elapsed time spent in this place.
 B = Non-inter-level travel time spent in this place.
 C = Inter-level travel time spent in this place.
 D = Time resting spent in this place.
 E = Time spent auto-exploring this place.
 F = Levels seen in this place.
 G = Mean time per level.
                   A        B        C        D        E       F      G
               +--------+--------+--------+--------+--------+-----+--------+
         Total |    273 |    273 |      0 |      0 |      0 |   3 |   91.0 |
       Dungeon |    273 |    273 |      0 |      0 |      0 |   3 |   91.0 |
               +--------+--------+--------+--------+--------+-----+--------+

Top non-repeatable levels by time:
     D:6: 167 daAuts
     D:5: 101 daAuts
     D:7: 4 daAuts
